Map: Dusk Towers

Players

Miszu - Winner!

  • Race: Terran Terran
  • League: Grandmaster

RainMan

  • Race: Zerg Zerg
  • League: Grandmaster

VOD

Have the link to the VOD?

Description

Time

  • Played on: Feb. 8, 2016, 10:54 a.m.
  • Length: 13:17
Show
View Real Time Build Order
Export as new Build Order

Miszu Terran - Winner!

Build Orders: MMM Bio 

Get SALT Encoding   

  12  0:00  SCV  
  13  0:13  SCV  
  14  0:17  Supply Depot  
  14  0:25  SCV  
  15  0:38  SCV  
  15  0:42  Barracks  
  16  0:45  Refinery  
  16  0:51  SCV  
  17  1:03  SCV  
  18  1:15  SCV  
  19  1:28  Orbital Command  
  19  1:30  Barracks Reactor  
  19  1:39  Command Center  
  19  1:49  Supply Depot  
  19  1:54  SCV  
  20  2:06  SCV  
  20  2:08  Reaper x2  
  23  2:18  SCV  
  24  2:30  SCV  
  24  2:31  Command Center  
  25  2:42  SCV  
  25  2:43  Reaper x2  
  28  2:50  Orbital Command  
  28  2:54  SCV  
  28  2:56  Refinery  
  29  3:02  Barracks  
  29  3:05  Barracks  
  29  3:08  SCV  
  30  3:17  SCV  
  31  3:20  SCV  
  31  3:21  Reaper x2  
  34  3:29  SCV  
  34  3:32  SCV  
  36  3:41  SCV  
  36  3:43  Orbital Command  
  36  3:44  SCV  
  38  3:51  Barracks Tech Lab  
  38  3:52  Barracks Tech Lab  
  38  3:53  Factory, SCV  
  38  3:55  Marine x2  
  41  3:56  SCV  
  41  4:00  Supply Depot  
  42  4:03  Refinery  
  42  4:05  Refinery, SCV  
  42  4:09  SCV  
  44  4:11  Marine x2  
  44  4:13  Marine  
  44  4:14  Stimpack  
  47  4:17  SCV  
  47  4:19  Orbital Command  
  47  4:21  SCV  
  49  4:25  Marine  
  49  4:29  Marine, SCV  
  49  4:31  Combat Shields  
  53  4:33  SCV  
  53  4:37  Supply Depot  
  54  4:39  Starport  
  54  4:42  SCV  
  54  4:45  SCV  
  54  4:47  Marine  
  54  4:48  Marine x3  
  54  4:52  SCV  
  57  4:54  SCV  
  58  5:00  Engineering Bay  
  58  5:01  Engineering Bay  
  58  5:05  Marine, SCV  
  58  5:06  Marine, SCV  
  63  5:07  SCV  
  63  5:14  Supply Depot  
  63  5:17  SCV  
  63  5:18  Marine, SCV  
  63  5:19  Medivac, SCV, Factory Reactor  
  69  5:25  Supply Depot  
  69  5:28  Terran Infantry Weapons Level 1  
  69  5:29  Terran Infantry Armor Level 1, SCV  
  69  5:30  SCV  
  69  5:31  SCV  
  72  5:38  Supply Depot  
  72  5:41  Supply Depot, SCV  
  72  5:42  SCV  
  74  5:43  SCV, Missile Turret  
  74  5:45  Missile Turret  
  74  5:48  Marine  
  76  5:53  SCV  
  76  5:54  SCV  
  76  6:03  SCV  
  73  6:05  SCV  
  73  6:07  SCV  
  73  6:12  Marine x4  
  73  6:13  Widow Mine x2  
  73  6:15  Medivac, SCV  
  73  6:18  SCV  
  84  6:22  SCV  
  82  6:27  SCV  
  82  6:30  Marine x4, SCV  
  88  6:34  Missile Turret  
  88  6:37  Barracks  
  88  6:39  Barracks  
  88  6:42  Armory  
  82  6:48  Marine x4  
  82  6:49  SCV x2  
  82  6:52  SCV, Armory  
  86  7:01  SCV  
  86  7:02  SCV  
  86  7:04  SCV  
  86  7:05  Marine  
  86  7:06  Supply Depot x2, Marine  
  86  7:08  Concussive Shells  
  91  7:13  SCV  
  91  7:14  Barracks, SCV  
  93  7:15  Barracks  
  93  7:16  SCV, Factory Reactor  
  93  7:22  Marine  
  95  7:23  Refinery x2  
  95  7:24  Marine  
  95  7:25  Marine  
  95  7:26  SCV x2  
  95  7:27  Barracks Reactor  
  95  7:28  Barracks Reactor  
  100  7:30  SCV  
  100  7:34  Marauder  
  102  7:37  Medivac  
  102  7:38  SCV  
  102  7:39  SCV, Terran Infantry Weapons Level 2  
  102  7:43  Marauder, SCV  
  109  7:44  Terran Infantry Armor Level 2  
  109  7:48  Supply Depot x2  
  109  7:50  SCV  
  109  7:51  SCV  
  111  7:55  Marauder  
  113  7:58  Missile Turret  
  113  7:59  Missile Turret  
  113  8:01  Widow Mine x2, Missile Turret  
  113  8:03  Marine x4  
  113  8:05  Barracks Reactor x2, Marauder  
  123  8:09  Terran Vehicle Weapons Level 1  
  123  8:12  Supply Depot  
  123  8:13  Supply Depot  
  123  8:16  Marine  
  123  8:17  Marine x2  
  126  8:20  Marine  
  126  8:21  Marine x2  
  126  8:26  Marauder  
  128  8:29  Marine, Widow Mine  
  128  8:30  Widow Mine  
  128  8:32  Medivac  
  137  8:34  Medivac, Marauder  
  137  8:35  Marine x2  
  137  8:38  Marine x2  
  143  8:42  Marine x5  
  143  8:47  Marine, Marauder  
  153  8:56  Marauder  
  146  9:07  Marine x10  
  146  9:09  Marauder  
  147  9:16  Factory  
  147  9:17  Marauder, Factory Tech Lab  
  133  9:24  Marine  
  133  9:25  Marine x9  
  133  9:30  Marauder  
  117  9:38  Marine  
  118  9:40  Siege Tank  
  118  9:42  Marine, Medivac  
  118  9:43  Marine x9  
  133  9:47  Medivac  
  133  9:52  Marauder  
  134  10:00  Marine  
  134  10:01  Marine x7, Terran Infantry Armor Level 3  
  134  10:06  Marine  
  144  10:07  Marine  
  144  10:12  Marine  
  146  10:18  Marine x4  
  146  10:19  Marine x4  
  152  10:25  Marine x2, Marauder  
  156  10:32  Command Center  
  155  10:36  Marine, Marauder  
  155  10:42  Marine x7  
  143  10:43  Marine x2  
  138  10:56  Marine  
  139  10:57  Marauder  
  139  11:00  Marine x7  
  139  11:01  Medivac  
  139  11:03  Factory Tech Lab  
  143  11:04  Siege Tank  
  144  11:11  Marine  
  144  11:12  Marauder  
  147  11:22  Siege Tank  
  147  11:23  Medivac  
  152  11:33  Marine  
  152  11:34  Marine x2, Marauder  
  152  11:35  Marine  
  152  11:36  Marine x2  
  152  11:37  Marine  
  152  11:38  Marine x3  
  152  11:39  Marine  
  157  11:42  Siege Tank, SCV  
  153  11:51  Marine  
  153  11:52  Marine x2, Medivac  
  153  11:53  Marine, Medivac  
  161  11:54  Marine  
  161  11:55  Marauder x2  
  161  12:00  Marine  
  162  12:02  Marine  
  162  12:03  Siege Tank  
  162  12:07  Planetary Fortress  
  162  12:16  Marauder  
  162  12:17  Marauder  
  162  12:22  Medivac  
  168  12:23  Medivac  
  168  12:28  Marine x9  
  171  12:30  Marine  
  170  12:37  Marauder  
  172  12:46  Marauder  
  172  12:47  Marine x6  
  172  12:48  Marine x2  
  172  12:50  Marine x2  
Show
View Real Time Build Order
Export as new Build Order

RainMan Zerg 

Build Orders: Hatch First 

Get SALT Encoding   

  12  0:01  Drone  
  13  0:12  Overlord  
  13  0:17  Drone  
  14  0:30  Drone x2  
  14  0:34  Drone  
  17  0:51  Hatchery  
  17  0:53  Drone  
  17  0:56  Drone  
  18  1:10  Spawning Pool  
  17  1:12  Extractor  
  17  1:14  Drone  
  17  1:17  Drone  
  18  1:27  Drone  
  19  1:39  Overlord  
  19  1:49  Drone  
  20  1:56  Queen  
  20  2:00  Zergling x2  
  23  2:02  Queen  
  23  2:03  Zergling x2  
  26  2:10  Drone  
  26  2:11  Metabolic Boost  
  26  2:14  Drone  
  28  2:21  Drone  
  29  2:25  Drone  
  30  2:33  Overlord  
  30  2:35  Queen  
  30  2:36  Drone  
  33  2:44  Drone  
  33  2:49  Lair  
  33  2:51  Extractor  
  33  2:53  Drone  
  33  2:54  Drone  
  35  3:03  Drone  
  35  3:05  Drone x3  
  38  3:06  Drone  
  38  3:08  Extractor  
  38  3:09  Zergling x2  
  40  3:15  Overlord  
  39  3:20  Drone x2  
  39  3:21  Zergling x2  
  42  3:29  Overlord  
  42  3:33  Drone  
  42  3:34  Drone  
  44  3:36  Extractor  
  43  3:42  Zergling x2  
  44  3:49  Drone x3  
  44  3:50  Spire  
  44  3:51  Drone  
  44  3:53  Drone  
  48  4:01  Zergling x8  
  52  4:04  Overlord  
  52  4:14  Drone x2  
  54  4:18  Overlord  
  54  4:27  Drone x3  
  54  4:28  Overlord  
  54  4:29  Overlord x2  
  57  4:55  Drone  
  58  5:01  Mutalisk x7  
  58  5:06  Drone x2  
  74  5:08  Zerg Flyer Weapons Level 1  
  74  5:12  Drone  
  75  5:19  Hatchery  
  74  5:25  Roach Warren  
  73  5:28  Drone x3, Evolution Chamber  
  73  5:29  Evolution Chamber  
  73  5:32  Drone x2  
  73  5:33  Drone  
  77  5:36  Drone  
  77  5:48  Drone x2  
  79  6:03  Drone x6  
  85  6:13  Glial Reconstitution, Zerg Missile Weapons Level 1, Zerg Ground Armor Level 1  
  85  6:22  Drone x3  
  85  6:23  Drone  
  89  6:28  Extractor  
  89  6:31  Extractor  
  87  6:35  Overlord x4  
  87  6:43  Hatchery  
  86  6:50  Roach x6  
  86  6:51  Roach x2  
  102  7:04  Drone x3  
  102  7:05  Drone x2  
  102  7:08  Drone  
  108  7:11  Roach x3  
  108  7:15  Drone  
  115  7:16  Ravager  
  115  7:17  Infestation Pit, Ravager x7  
  115  7:19  Overlord x4  
  122  7:36  Overlord x3  
  122  7:40  Roach x6  
  122  7:41  Roach  
  136  7:51  Roach x6  
  148  7:55  Pathogen Glands  
  148  7:59  Hive, Queen  
  148  8:00  Drone x3  
  153  8:08  Drone x5  
  158  8:16  Zerg Ground Armor Level 2  
  158  8:20  Zerg Melee Weapons Level 1  
  158  8:22  Extractor  
  158  8:25  Spine Crawler  
  158  8:26  Extractor  
  151  8:29  Roach  
  151  8:30  Roach x5  
  163  8:35  Roach x3  
  163  8:37  Drone x3  
  163  8:38  Drone x2  
  163  8:39  Drone  
  175  8:41  Drone x2  
  175  8:47  Overlord x2  
  175  8:48  Zerg Flyer Weapons Level 2  
  177  9:02  Roach x5  
  180  9:03  Roach x4  
  182  9:11  Zergling x6  
  182  9:12  Zergling x16  
  171  9:25  Roach x3  
  171  9:26  Roach x4  
  158  9:33  Adrenal Glands  
  158  9:36  Infestor  
  158  9:37  Ultralisk Cavern  
  153  9:43  Drone x2  
  155  9:50  Zergling x20  
  155  9:51  Zergling x4, Hatchery  
  154  10:00  Overseer x2  
  154  10:01  Pneumatized Carapace  
  154  10:14  Zerg Melee Weapons Level 2  
  154  10:26  Ultralisk x2  
  166  10:29  Ultralisk  
  166  10:30  Zergling x2  
  166  10:31  Zergling x20  
  166  10:32  Zergling x2  
  182  10:45  Extractor, Ultralisk  
  182  10:48  Extractor  
  183  10:51  Drone x2  
  183  10:53  Ultralisk Cavern, Spore Crawler  
  173  10:57  Drone x2  
  173  11:00  Spore Crawler, Drone x3  
  173  11:01  Zergling x2  
  173  11:02  Zergling x8  
  173  11:03  Infestor x2  
  186  11:12  Greater Spire  
  186  11:13  Infestor  
  186  11:16  Drone x3  
  186  11:18  Drone x3  
  194  11:21  Spine Crawler  
  194  11:22  Spore Crawler  
  194  11:23  Drone x4, Spine Crawler  
  187  11:39  Chitinous Plating  
  177  11:47  Corruptor x3  
  177  11:48  Corruptor x2  
  184  12:07  Spore Crawler  
  183  12:09  Spore Crawler, Spine Crawler  
  183  12:10  Spore Crawler, Drone, Spine Crawler  
  183  12:11  Drone x7  
  183  12:12  Drone  
  183  12:36  Hatchery  
Tags
 
Add a new tag
Caveats
  • Supply blocks, unpowered buildings, or Contaminate may cause inaccurate times.
  • Supply counts are checked every 10 seconds.